 Dungeon Crawl Stone Soup version 0.18.1-6-gd335043 (webtiles) character file.

116 Leszczynek the Cudgeler (level 5, 0/41 HPs)
             Began as a Human Chaos Knight on May 18, 2016.
             Slain by an orc
             ... wielding a +0 whip
              (4 damage)
             ... on level 3 of the Dungeon.
             The game lasted 00:05:06 (1882 turns).

Leszczynek the Cudgeler (Human Chaos Knight)        Turns: 1882, Time: 00:05:06

Health: 0/41       AC:  5    Str: 14    XL:     5   Next: 21%
Magic:  5/5        EV: 11    Int: 12    God:    Xom [..*...]
Gold:   91         SH:  0    Dex: 12    Spells: 0 memorised, 4 levels left

rFire  . . .     SeeInvis .     a - +0 mace (chaos)
rCold  . . .     Gourm    .     b - +2 leather armour
rNeg   . . .     Faith    .     (no shield)
rPois  .         Spirit   .     (no helmet)
rElec  .         Dismiss  .     (no cloak)
rCorr  .         Reflect  .     (no gloves)
SustAt +         Harm     .     (no boots)
MR     .....                    (no amulet)
Stlth  +.........               (no ring)
                                d - ring of sustain attributes

@: not resistant to hostile enchantments, very unstealthy
A: no striking features
a: Renounce Religion


You were on level 3 of the Dungeon.
You worshipped Xom.
You were a toy of Xom.
You were not hungry.

You visited 1 branch of the dungeon, and saw 3 of its levels.

You collected 91 gold pieces.

Inventory:

Hand Weapons
 a - a +0 mace of chaos (weapon)
Missiles
 s - 53 arrows
 w - 7 silver tomahawks (quivered)
 x - 7 poisoned needles
Armour
 b - a +2 leather armour (worn)
 h - a +0 plate armour
Jewellery
 d - a ring of sustain attributes (left hand)
Wands
 f - a wand of flame (19/48)
Scrolls
 e - 2 scrolls of fog {unknown}
 g - 2 scrolls of enchant weapon {unknown}
 i - a scroll of recharging {unknown}
 m - a scroll of blinking {unknown}
 n - 3 scrolls of teleportation {unknown}
 o - a scroll of random uselessness {unknown}
 y - a scroll of immolation {unknown}
 z - a scroll of enchant armour {unknown}
Potions
 j - a potion of flight
 p - 2 potions of heal wounds
 q - 3 potions of might
 r - a potion of agility
 t - a potion of lignification
 v - 3 potions of curing {unknown}
 A - a potion of haste {unknown}
Comestibles
 c - 3 bread rations
 k - 2 beef jerkies
 l - 2 royal jellies
 u - a chunk of flesh


   Skills:
 - Level 3.0 Fighting
 * Level 5.5 Maces & Flails
 - Level 2.0 Armour
 - Level 1.0 Dodging


You had 4 spell levels left.
You didn't know any spells.

Dungeon Overview and Level Annotations

Branches:
Dungeon (3/15)

Altars:
Vehumet
Xom


Message History

You hit something.
Nothing appears to happen.
Something hits you but does no damage.
You miss something. You barely miss something.
Something hits you but does no damage. Something hits you.
You closely miss something. Something hits you.
You barely miss something. Something hits you but does no damage.
You miss something.
You hear some strange, mumbled words.
A puff of flame appears from out of thin air!
The puff of flame hits you!
* * * LOW HITPOINT WARNING * * *
An orc priest comes into view.
The orc priest shouts!
You hit something but do no damage.
Space warps horribly around something!
Reactivating autopickup.
You have reached level 5!
You feel a bit more experienced. The orc hits you with a whip.
You die...
Xom guffaws!

.'.............#.......#........#
##...##.....##.#.......#.#####...
.#...+......'..#.......#'## ####
.#...###....##.#....o.....#
.#...........#.#..........#######
.#.#.####.##.#.#.................
.#.#.# #.##.#.#o...........(....
.#.#.# #.##.#.#o#######...##(...
'#'#+####..#.#.#@# #...##.##.
........##.#.#.#.# #...##.##.
........##...#.#.# #...##.##.
........###..#.#.# #...##[##.
.#+#+#### #..#.#.# #...##.##.
.#.#.######..#.#.# ####......##.
.............#.#.# #..+.........
...#...........#.# #.##......#..
...............#.# #.##....#.##.


You could see an orc priest and 2 orcs.

Vanquished Creatures
  An orc wizard (D:3)
  2 adders (D:2)
  A river rat (shapeshifter) (D:3)
  2 oozes
  A worm (D:2)
  A dart slug (D:3)
  3 giant geckos
  2 orcs (D:3)
  A giant cockroach (D:3)
  5 goblins
  6 hobgoblins
  3 jackals (D:3)
  10 kobolds
  2 bats
  A giant newt (D:3)
  7 rats
48 creatures vanquished.

Notes
Turn   | Place    | Note
--------------------------------------------------------------
     0 | D:1      | Leszczynek the Human Chaos Knight began the quest for the Orb.
     0 | D:1      | Reached XP level 1. HP: 18/18 MP: 1/1
   136 | D:1      | Reached XP level 2. HP: 16/24 MP: 2/2
   252 | D:2      | XOM: noise
   487 | D:2      | Reached skill level 4 in Maces & Flails
   487 | D:2      | Reached XP level 3. HP: 25/29 MP: 3/3
   828 | D:2      | XOM: harmless Necr miscast
   900 | D:2      | Reached XP level 4. HP: 29/35 MP: 4/4
  1037 | D:2      | Found a radiant altar of Vehumet.
  1256 | D:3      | XOM: confusion (+ monsters)
  1285 | D:3      | Found a shimmering altar of Xom.
  1459 | D:3      | Reached skill level 5 in Maces & Flails
  1881 | D:3      | HP: 3/35 [something/puff of flame (10)]
  1882 | D:3      | Reached XP level 5. HP: 4/41 MP: 5/5
  1882 | D:3      | Slain by an orc

Skill      XL: |  1  2  3  4 |
---------------+-------------+-----
Maces & Flails | 4 5 |  5.5
Fighting       | |  3.0
Armour         | |  2.0
Dodging        | |  1.0

Action                   |  1- 3 |  4- 6 || total
-------------------------+-------+-------++-------
Melee: Mace              |    75 |    96 ||   171
  Use: Scroll            |     4 |     1 ||     5
  Eat: Chunk             |       |     3 ||     3
Armor: Leather armour    |    26 |    32 ||    58
Dodge: Dodged            |    45 |    49 ||    94
